AoeStats
← GreatMaty

Arabia

507379986Analyzed
1v1 RM · 14d ago on Sep 18, 2026· 33m 48s· 2 players
Game mode
Random Map
Map size
Tiny (2 player)
Population
200
Speed
Normal
Resources
Standard
Victory
Conquest
Starting age
Dark Age
Ending age
Imperial Age
RankedLock teamsTeams togetherTeam positionsShared explorationLock speedFull tech treeHidden civsTurbo modeCheats
Victory
Defeat
🇦🇷 Khitans · Argentina
1916
+19
🇺🇸 Lithuanians · United States
1977
-19
GreatMaty
6:06 Loom
9:11 Feudal Age
9:25 Man-at-Arms
10:14 Double-Bit Axe
16:03 Fletching
21:07 Wheelbarrow
23:55 Castle Age
22:45 Forging
22:28 Domestication
24:06 Scale Barding Armor
24:12 Gold Mining
24:50 Bow Saw
25:18 Iron Casting
25:10 Husbandry
26:38 Chain Barding Armor
33:03 Hand Cart
dylanrobinson54
6:12 Loom
8:40 Feudal Age
6:57 Loom
9:06 Double-Bit Axe
10:24 Horse Collar
17:18 Fletching
23:09 Castle Age
21:49 Padded Archer Armor
22:43 Gold Mining
23:46 Bodkin Arrow
25:12 Bloodlines
25:23 Town Watch
26:23 Bow Saw
26:57 Ballistics
27:26 Husbandry
Connection lost

Rejoining the realm…

Still unreachable

The connection could not be restored.

Session expired

The server has moved on; the page needs a fresh start.